 Dungeon Crawl Stone Soup version 0.29.1-15-g9cfb28693d (webtiles) character file.

Game seed: 11536297566272127574

4921 Peloso the Carver (level 10, -2/89 (90) HPs)
             Began as a Minotaur Fighter on Mar 12, 2023.
             Was a Priest of Okawaru.
             Slain by a shadow (13 damage)
             ... on level 9 of the Dungeon.
             The game lasted 00:15:36 (9483 turns).

Peloso the Carver (Minotaur Fighter)                Turns: 9483, Time: 00:15:39

HP:   -2/89 (90)    AC: 18    Str: 27    XL:     10   Next: 27%
MP:   7/9           EV: 10    Int:  4    God:    Okawaru [***...]
Gold: 469           SH:  7    Dex: 11    Spells: 9/9 levels left

rFire   . . .      SeeInvis .   a - +0 long sword
rCold   . . .      Faith    .   d - +0 buckler
rNeg    . . .      Spirit   .   v - +0 plate armour
rPois   .          Reflect  .   (helmet restricted)
rElec   .          Harm     .   E - +0 cloak
rCorr   +          Rampage  .   (no gloves)
Will    .....                   (no boots)
Stlth   ..........              (no amulet)
HPRegen 0.24/turn               D - ring of resist corrosion
MPRegen 0.11/turn               (no ring)

@: about to teleport, heroic, lightly drained
A: horns 2, retaliatory headbutt, strong 1, noise suppression
a: Renounce Religion, Heroism


You were on level 9 of the Dungeon.
You worshipped Okawaru.
Okawaru was most pleased with you.
You visited 1 branch of the dungeon, and saw 9 of its levels.

You collected 469 gold pieces.

Inventory:

Hand Weapons
 a - a +0 long sword (weapon)
 c - a +0 short sword of flaming
Armour
 b - a +0 scale mail
 d - a +0 buckler (worn)
 t - a +0 chain mail
 v - a +0 plate armour (worn)
 E - a +0 cloak (worn)
Jewellery
 z - a ring of magical power
 D - a ring of resist corrosion (left hand)
Wands
 q - a wand of iceblast (6)
 s - a wand of quicksilver (9)
 u - a wand of polymorph (5)
 y - a wand of paralysis (2)
 B - a wand of flame (18)
Scrolls
 h - a scroll of silence {unknown}
 m - a scroll of teleportation
 n - a scroll of blinking
 o - 6 scrolls of magic mapping
 p - a scroll of noise {unknown}
 w - a scroll of brand weapon
 C - a scroll of identify
Potions
 e - 3 potions of ambrosia
 f - 2 potions of brilliance
 g - 4 potions of haste
 i - 2 potions of flight {unknown}
 j - 4 potions of heal wounds
 k - 3 potions of curing
 l - 4 potions of attraction {unknown}
 r - 2 potions of might
 x - a potion of berserk rage {unknown}
 A - a potion of lignification {unknown}


   Skills:
 + Level 8.6(13.6) Fighting
 + Level 11.0(16.0) Long Blades
 + Level 10.2(15.2) Armour
 + Level 3.1(8.1) Dodging
 + Level 1.4(6.4) Stealth
 + Level 7.0(12.0) Shields
 + Level 1.0(6.0) Unarmed Combat
 + Level 0.2 Invocations
 + Level 1.6 Evocations


You had 9 spell levels left.
You didn't know any spells.
Your spell library contained the following spells:

 Spells                   Type           Power      Damage    Failure   Level
 Apportation              Tloc           0%         N/A       99%         1
 Necrotise                Necr           0%         1d4       99%         1
 Gell's Gravitas          Tloc           0%         N/A       100%        3
 Teleport Other           Tloc           0%         N/A       100%        3
 Alistair's Intoxication  Tmut/Pois      0%         N/A       100%        5
 Borgnjor's Vile Clutch   Necr/Erth      0%         N/A       100%        5
 Dispersal                Tloc           0%         N/A       100%        6
 Eringya's Noxious Bog    Tmut/Pois      0%         N/A       100%        6
 Summon Small Mammal      Summ           Unusable   N/A       N/A         1
 Malign Gateway           Summ/Tloc      Unusable   N/A       N/A         7
 Summon Horrible Things   Summ           Unusable   N/A       N/A         8

Dungeon Overview and Level Annotations

Branches:
Dungeon (9/15)             Temple (0/1) D:7
   Lair: D:8-11         Orc: D:9-12

Altars:
Ashenzari
Cheibriados
Fedhas
Hepliaklqana
Kikubaaqudgha
Makhleb
Nemelex Xobeh
Okawaru
Qazlal
Ru
Trog
Uskayaw
Wu Jian
Xom
Zin
The Shining One

Annotations:
D:4 1 runed translucent door, P0WERM0DE's ghost, amateur PaAr


Innate Abilities, Weirdness & Mutations

You have a pair of horns on your head.
You reflexively headbutt those who attack you in melee.
Your muscles are strong. (Str +4, Int/Dex -1)
You passively dampen the noise of your surroundings.


Message History

The orc hits you but does no damage. The orc attacks as you move away!
The orc hits you with a +0 war axe.
Things that are here:
a +0 mace; a +0 chain mail; a +0 club You barely miss the orc.
You headbutt the orc!
You kill the orc!
Okawaru accepts your kill.
Items here: ( ))) [[.
Things that are here:
a +0 flail; an orc corpse
Things that are here:
a +0 hand axe; a +0 leather armour; an orc corpse
Items here: ( ))) [[.
A shadow comes into view.
A shadow is nearby!
A vampire comes into view.
The vampire moves out of view.
The shadow slips into darkness.
The shadow flickers and vanishes!
Deactivating autopickup; reactivate with Ctrl-A.
The shadow strikes at you from the darkness!
Reactivating autopickup.
The shadow hits you.
The vampire points at you and mumbles some strange words.
You resist with some effort. The shadow hits you.
You gain the combat prowess of a mighty hero.
The vampire hits you!
* * * LOW HITPOINT WARNING * * *
The vampire barely misses you.
The shadow slips into darkness.
The shadow flickers and vanishes!
Deactivating autopickup; reactivate with Ctrl-A.
As you read the scroll of teleportation, it crumbles to dust.
You feel strangely unstable. The vampire hits you.
* * * LOW HITPOINT WARNING * * *
The vampire bites you.
* * * LOW HITPOINT WARNING * * *
The vampire draws strength from your injuries!
The shadow strikes at you from the darkness!
You die...

##..#.PP..PP...## #
#..#..PP......#
#..##.PP..PP..# .
#..#...PP..P..#
..####..#._.PP..P..#
...........PP..P..#
.........P..PP..#
#V{#..P..PP...#
#@....)).PP...#
#>....P).P..###
#..#.P..PP.##
#..#.......#
#..####..### #..#
#..# #..# #..# ....
...# ...#


You could see a vampire.

Vanquished Creatures
  A centaur warrior (D:9)
  A gargoyle (D:9)
  Maurice (D:9)
  Prince Ribbit (D:8)
  Sigmund (D:5)
  An orc warrior (D:9)
  3 water moccasins
  Duvessa (D:5)
  A sky beast (D:7)
  2 black bears
  3 ice beasts
  4 centaurs
  An ogre (D:6)
  2 phantoms (D:5)
  Blork the orc (D:6)
  3 kobold brigands
  3 bullfrogs
  A necrophage (D:5)
  A wight (D:9)
  9 killer bees
  Dowan (D:5)
  2 howler monkeys
  4 orc priests
  5 hounds
  A gnoll bouda (D:8)
  3 iron imps (D:6)
  An iguana (D:5)
  5 orc wizards
  7 gnolls
  5 adders
  2 white imps
  3 worms (D:2)
  2 dart slugs
  22 orcs
  4 ball pythons
  5 endoplasms
  3 giant cockroaches (D:1)
  9 goblins
  7 hobgoblins
  6 jackals
  18 kobolds
  2 quokkas
  8 bats
  5 frilled lizards
  3 rats
174 creatures vanquished.

Vanquished Creatures (others)
  An orc wizard (D:9)
  5 fungi (D:9)
  2 withered plants (D:4)
8 creatures vanquished.

Grand Total: 182 creatures vanquished

Notes
Turn   | Place    | Note
-------+----------+-------------------------------------------
     0 | D:1      | Peloso the Minotaur Fighter began the quest for the Orb.
     0 | D:1      | Reached XP level 1. HP: 19/19 MP: 0/0
   169 | D:1      | Reached XP level 2. HP: 21/27 MP: 1/1
   265 | D:1      | Found a faded altar of an unknown god.
   680 | D:1      | Reached XP level 3. HP: 33/33 MP: 2/2
   771 | D:1      | Gained mutation: Your magical capacity is low. (-10% MP)
                  | [potion of mutation]
   771 | D:1      | Gained mutation: Your spells are a little harder to cast,
                  | but a little more powerful. [potion of mutation]
   772 | D:1      | Lost mutation: Your magical capacity is low. (-10% MP)
                  | [potion of mutation]
   772 | D:1      | Lost mutation: Your spells are a little harder to cast, but
                  | a little more powerful. [potion of mutation]
   772 | D:1      | Gained mutation: You passively dampen the noise of your
                  | surroundings. [potion of mutation]
   772 | D:1      | Gained mutation: Your muscles are strong. (Str +4, Int/Dex
                  | -1) [potion of mutation]
   816 | D:2      | Reached skill level 3 in Long Blades
   938 | D:2      | Reached skill level 1 in Dodging
  1573 | D:3      | Found a blossoming altar of Fedhas.
  1821 | D:3      | Found a glowing silver altar of Zin.
  2137 | D:3      | Reached XP level 4. HP: 40/40 MP: 3/3
  2348 | D:4      | Reached skill level 4 in Long Blades
  2465 | D:4      | Noticed a bullfrog
  2475 | D:4      | Killed a bullfrog
  2476 | D:4      | Reached XP level 5. HP: 23/47 MP: 4/4
  3069 | D:4      | Found a runed translucent door.
  3070 | D:4      | Noticed P0WERM0DE's ghost (amateur PaAr)
  3251 | D:4      | Found a sparkling altar of Nemelex Xobeh.
  3382 | D:5      | Entered Level 5 of the Dungeon
  3392 | D:5      | Noticed a phantom
  3406 | D:5      | Killed a phantom
  3407 | D:5      | Reached skill level 5 in Long Blades
  3407 | D:5      | Reached skill level 5 in Armour
  3407 | D:5      | Reached XP level 6. HP: 50/55 MP: 5/5
  3449 | D:5      | Reached skill level 5 in Fighting
  3503 | D:5      | Noticed an ice beast
  3509 | D:5      | Killed an ice beast
  3574 | D:5      | Noticed an ice beast
  3579 | D:5      | Reached skill level 6 in Long Blades
  3579 | D:5      | Reached XP level 7. HP: 61/61 MP: 6/6
  3817 | D:5      | Noticed Sigmund
  3831 | D:5      | Killed Sigmund
  3832 | D:5      | Reached skill level 7 in Long Blades
  4072 | D:5      | Noticed Duvessa
  4078 | D:5      | Noticed Dowan
  4086 | D:5      | Killed Duvessa
  4087 | D:5      | Reached skill level 1 in Stealth
  4087 | D:5      | Reached XP level 8. HP: 67/70 MP: 7/7
  4101 | D:5      | Reached skill level 5 in Shields
  4107 | D:5      | Killed Dowan
  4339 | D:5      | Found a hazy altar of Hepliaklqana.
  4640 | D:6      | Reached skill level 8 in Long Blades
  4641 | D:6      | Found a hide-covered altar of Uskayaw.
  4749 | D:6      | Found an iron altar of Okawaru.
  4772 | D:6      | Became a worshipper of Warmaster Okawaru
  5161 | D:6      | Found an ornate altar of the Wu Jian Council.
  5166 | D:6      | Noticed Blork the orc
  5171 | D:6      | Killed Blork the orc
  5172 | D:6      | Reached skill level 1 in Unarmed Combat
  5345 | D:6      | Found a glowing golden altar of the Shining One.
  5387 | D:6      | Found a broken altar of Ashenzari.
  5563 | D:6      | Found a burning altar of Makhleb.
  5853 | D:6      | Found a sacrificial altar of Ru.
  5915 | D:6      | Found a shimmering altar of Xom.
  6153 | D:6      | Reached XP level 9. HP: 72/78 MP: 8/8
  6163 | D:6      | Reached * piety under Okawaru
  6164 | D:6      | Reached skill level 1 in Evocations
  6222 | D:7      | Reached skill level 9 in Long Blades
  6506 | D:7      | Found a snail-covered altar of Cheibriados.
  6535 | D:7      | You fall into a shaft and drop 1 floor!
  7004 | D:7      | Found an ancient bone altar of Kikubaaqudgha.
  7071 | D:7      | Found a staircase to the Ecumenical Temple.
  8049 | D:8      | Reached ** piety under Okawaru
  8236 | D:8      | Noticed Prince Ribbit
  8252 | D:8      | Killed Prince Ribbit
  8253 | D:8      | Reached skill level 10 in Long Blades
  8558 | D:9      | Noticed a centaur warrior
  8571 | D:9      | Killed a centaur warrior
  8572 | D:9      | Reached XP level 10. HP: 63/88 MP: 9/9
  8715 | D:9      | Noticed a gargoyle
  8728 | D:9      | HP: 4/90 [gargoyle/stone arrow (19)]
  8732 | D:9      | Killed a gargoyle
  8963 | D:9      | Found a bloodstained altar of Trog.
  8985 | D:9      | Reached skill level 11 in Long Blades
  9042 | D:9      | Noticed Maurice
  9085 | D:9      | Killed Maurice
  9085 | D:9      | Reached *** piety under Okawaru
  9086 | D:9      | Reached skill level 10 in Armour
  9439 | D:9      | Found a stormy altar of Qazlal.
  9483 | D:9      | Slain by a shadow

Illustrated notes

Levels and vault maps discovered:
D:1:      lightli_arrival_noodles, layout_rooms,
          hellmonk_ecumenical_altar_blasted
D:2:      layout_loops_ring
D:3:      layout_loops_ring, mainiacjoe_overflow_catwalk, fedhas_altar_1,
          serial_glass, glass_columns_c, glass_columns_a, grunt_decor_arrowhead
D:4:      layout_cave_pools, nemelex_dance_club_becter, gammafunk_ghost_grave,
          solitary_fountain, chequers_jeans
D:5:      layout_loops_ring, mainiacjoe_overflow_alcove_4, uniq_duvessa,
          uniq_sigmund
D:6:      layout_rooms, nicolae_wu_jian_immortal_techniques,
          nicolae_uskayaw_dance_hall, overflow_temple_1_default, demons_altar,
          mainiacjoe_overflow_concentric_impassable, tso_metal_star,
          okawaru_gym_becter, hangedman_ru_absence, uniq_blork_the_orc
D:7:      layout_basic, marbit_many_paths, cheibriados_altar_1,
          minmay_temple_entry_fiery
D:8:      layout_basic, kennysheep_boxes, uniq_prince_ribbit1
D:9:      layout_small_grid, mainiacjoe_overflow_catch_the_wave,
          nicolae_benzene_ring, minmay_misc_feat_nine_boxes,
          chequers_serial_rivers_micro_a, palyth_stone_intersect, uniq_maurice

Skill      XL: |  1  2  3  4  5  6  7  8  9 10 |
---------------+-------------------------------+-----
Fighting       | 4 5 6 8 |  8.6
Armour         | 4 5 6 8 9 10 | 10.2
Long Blades    | 3 4 5 6 7 8 10 11 | 11.0
Shields        | 4 5 6 7 |  7.0
Dodging        | 1 2 3 |  3.1
Stealth        | 1 |  1.4
Unarmed Combat | 1 |  1.0
Evocations     | 1 |  1.6
Invocations    | |  0.2

Action                   |  1- 3 |  4- 6 |  7- 9 | 10-12 || total
-------------------------+-------+-------+-------+-------++-------
Melee: Long sword        |   114 |    85 |   312 |    70 ||   581
       Headbutt          |    16 |    15 |    67 |    18 ||   116
       Unarmed           |       |       |     6 |       ||     6
Invok: Heroism           |       |       |       |     4 ||     4
Evoke: Wand              |       |       |     4 |     1 ||     5
  Use: Scroll            |     2 |     3 |     4 |     1 ||    10
       Potion            |     2 |       |     3 |     2 ||     7
Armor: Scale mail        |    69 |    23 |       |       ||    92
       Chain mail        |       |    17 |     6 |       ||    23
       Plate armour      |       |       |   200 |    67 ||   267
Dodge: Dodged            |    67 |    28 |   136 |    57 ||   288
Block: Buckler           |    35 |    14 |    79 |    36 ||   164
